 Dungeon Sprint DCSS version 0.28-a0-1387-g3a22ab9bdc (webtiles) character file.

Game seed: 16312668671010229095

4 mhtbhm the Skirmisher (level 1, -18/20 HPs)
             Began as a Draconian Berserker on Jan 2, 2022.
             Was a Believer of Trog.
             Demolished by an ogre (30 damage)
             ... in the Dungeon (Sprint IX: "|||||||||||||||||||||||||||||").
             The game lasted 00:00:04 (19 turns).

mhtbhm the Skirmisher (Draconian Berserker)           Turns: 19, Time: 00:00:05

Health: -18/20     AC:  4    Str: 19    XL:     1   Next: 50%
Magic:  1/1        EV: 12    Int:  7    God:    Trog [**....]
Gold:   0          SH:  0    Dex: 10    Spells: 0/0 levels left

rFire   . . .      SeeInvis .   a - +0 mace
rCold   . . .      Faith    .   (no shield)
rNeg    . . .      Spirit   .   (armour unavailable)
rPois   .          Reflect  .   (helmet restricted)
rElec   .          Harm     .   (no cloak)
rCorr   .          Rampage  .   (no gloves)
Will    .....      NoTele   +   (no boots)
Stlth   +.........              (no amulet)
HPRegen 0.06/turn               (no ring)
MPRegen 0.07/turn               (no ring)

@: no status effects
A: AC +4, unfitting armour, cold-blooded
a: Renounce Religion, Berserk, Trog's Hand


You were in the Dungeon.
You worshipped Trog.
Trog was pleased with you.
You visited 1 branch

Inventory:

Hand Weapons
 a - a +0 mace (weapon)
Scrolls
 g - a scroll of blinking
Potions
 b - a potion of curing
 c - a potion of heal wounds
 d - a potion of haste
 e - 2 potions of magic
 f - a potion of berserk rage


   Skills:
 + Level 3.8 Fighting
 + Level 3.5 Maces & Flails
 + Level 3.1 Dodging


You couldn't memorise any spells.
You didn't know any spells.
Your spell library was empty.

Dungeon Overview and Level Annotations

Branches:
Dungeon (1/1)

Altars:


Innate Abilities, Weirdness & Mutations

Your plain brown scales are hard. (AC +4)
You cannot fit into any form of body armour.
You are cold-blooded and may be slowed by cold attacks.


Message History

You closely miss the bat. The bat hits you but does no damage.
The bat hits you but does no damage. The bat barely misses you.
There is an open door to the Dungeon, spattered with blood here.
You sock the bat!
You kill the bat!
Trog accepts your kill.
You hit the rat.
You kill the rat!
Trog accepts your kill.
You can now call upon Trog for regeneration and willpower.
Your Dodging skill increases to level 3!
You hit the goblin.
You kill the goblin!
Trog accepts your kill.
You sock the goblin!
You kill the goblin!
Trog accepts your kill.
No target in view!
No target in view!
No target in view!
No target in view!
No target in view!
No target in view!
No target in view!
No target in view!
Items here: )) †††.
You open the door.
An iguana, a hound, an orc, an ogre and a skeleton come into view.
The hound barks!
The orc shouts!
The iguana hisses angrily.
Unknown command.
Okay, then.
You fail to use your ability.
The ogre hits you with a +0 giant club!
You hit the ogre.
The ogre is moderately wounded.
The ogre barely misses you.
You hit the ogre.
The ogre is moderately wounded.
The ogre hits you with a +0 giant club!!
Ouch! That really hurt!
You die...

▓+▓
▓.▓
▓Z▓
▓h▓
▓o▓
▓l▓
▓O▓
▓@▓
▓.▓
▓.▓
▓.▓
▓)▓
▓'▓
▓.▓
▓.▓
▓.▓


You could see an ogre, an iguana, a hound, an orc and a ball python skeleton.

Vanquished Creatures
  A bat (D)
  2 goblins (D)
  2 rats (D)
5 creatures vanquished.

Notes
Turn   | Place    | Note
-------+----------+-------------------------------------------
     0 | D        | mhtbhm the Draconian Berserker began the quest for the Orb.
     0 | D        | Reached XP level 1. HP: 19/19 MP: 1/1
     8 | D        | Reached ** piety under Trog
    16 | D        | Noticed a hound
    16 | D        | Noticed an iguana
    16 | D        | Noticed an ogre
    19 | D        | Demolished by an ogre

Illustrated notes

Levels and vault maps discovered:
D:        linesprint [early_d, line_temple, items_1, d_10, items_2, lair_1,
          lair_end, items_3, orc_1, orc_end, items_4, d_15, swamp_1, shoals_1,
          snake_1, spider_1, d_20, vaults_1, items_5, swamp_end, shoals_end,
          snake_end, spider_end, vaults_end, d_27, items_6, zot_1, zot_end,
          crypt_end, forest_end, elf_end, slime_end, tomb_end, abyss_end,
          pan_hell_end]

Skill      XL: |  1 |
---------------+----+-----
Dodging        | 3 |  3.1
Fighting       | |  3.8
Maces & Flails | |  3.5

Action                   || total
-------------------------++-------
Melee: Mace              ||     8
Armor: Skin              ||     2
Dodge: Dodged            ||     4

Table legend: (Time is in decaauts)
 A = Elapsed time spent in this place.
 B = Non-inter-level travel time spent in this place.
 C = Inter-level travel time spent in this place.
 D = Time resting spent in this place.
 E = Time spent auto-exploring this place.
 F = Levels seen in this place.
 G = Mean time per level.
                   A        B        C        D        E       F      G
               +--------+--------+--------+--------+--------+-----+--------+
         Total |     20 |     20 |      0 |      0 |      3 |   1 |   20.0 |
       Dungeon |     20 |     20 |      0 |      0 |      3 |   1 |   20.0 |
               +--------+--------+--------+--------+--------+-----+--------+

Top non-repeatable levels by time:
       D: 20 daAuts
